 Dungeon Crawl Stone Soup version 0.19.0-19-g8c6edcc (webtiles) character file.

140 HungrySpirit the Chopper (level 5, -6/41 HPs)
             Began as a Mummy Gladiator on Nov 13, 2016.
             Was an Initiate of Gozag.
             Killed from afar by an orc wizard (16 damage)
             ... with a puff of flame
             ... on level 3 of the Dungeon.
             The game lasted 00:02:45 (2147 turns).

HungrySpirit the Chopper (Mummy Gladiator)          Turns: 2147, Time: 00:02:47

Health: -6/41      AC:  6    Str: 19    XL:     5   Next: 2%
Magic:  5/5        EV: 11    Int: 14    God:    Gozag
Gold:   185        SH:  0    Dex: 12    Spells: 0 memorised, 4 levels left

rFire  x . .     SeeInvis .     a - +0 war axe
rCold  + . .     Gourm    .     f - +0 ring mail
rNeg   + + +     Faith    .     (no shield)
rPois  ∞         Spirit   .     c - +0 helmet
rElec  .         Reflect  .     (no cloak)
rCorr  +         Harm     .     (no gloves)
MR     .....                    (no boots)
Stlth  ..........               (no amulet)
                                j - ring of resist corrosion
                                k - +6 ring of intelligence

@: confused
A: no food or potions, fire vulnerability, cold resistance 1, negative energy
resistance 3, torment resistance, unbreathing
a: Potion Petition, Call Merchant, Bribe Branch, Renounce Religion


You were on level 3 of the Dungeon.
You worshipped Gozag.
Gozag was aware of your devotion.
You were not hungry.

You visited 1 branch of the dungeon, and saw 3 of its levels.

You collected 227 gold pieces.
You paid 42 gold pieces to Gozag.

Inventory:

Hand Weapons
 a - a +0 war axe (weapon)
Missiles
 d - 3 throwing nets (quivered)
Armour
 c - a +0 helmet (worn)
 f - a +0 ring mail (worn)
Jewellery
 j - a ring of resist corrosion (right hand)
 k - a +6 ring of intelligence (left hand)
Scrolls
 b - a scroll of enchant weapon {unknown}
 e - 2 scrolls of identify {unknown}
 g - 2 scrolls of remove curse {unknown}
 h - 2 scrolls of enchant armour {unknown}
 i - a scroll of blinking {unknown}
 l - a scroll of fog {unknown}


   Skills:
 + Level 3.3 Fighting
 * Level 4.1 Axes
 - Level 1.5 Throwing
 - Level 2.4 Dodging


You had 4 spell levels left.
You didn't know any spells.

Dungeon Overview and Level Annotations

Branches:
Dungeon (3/15)

Altars:
Gozag
Uskayaw


Innate Abilities, Weirdness & Mutations

You do not eat or drink.
Your flesh is vulnerable to fire.
You are immune to poison.
Your flesh is cold resistant. (rC+)
You are immune to negative energy. (rN+++)
You are immune to unholy pain and torment.
You can survive without breathing.


Message History

* * * LOW HITPOINT WARNING * * *
You barely miss something. Something hits you.
* * * LOW HITPOINT WARNING * * *
You miss something.
Something hits you but does no damage. x2
You hit something.
The bat is no longer distracted by gold.
You hear some strange, mumbled words.
Something tries to affect you, but you resist.
You miss something.
You hear some strange, mumbled words.
Something tries to affect you, but you resist.
You miss something. Something hits you but does no damage.
You miss something.
You hear some strange, mumbled words.
You are confused.
You hear some strange, mumbled words.
A puff of flame appears from out of thin air!
The puff of flame hits you! The fire burns you terribly!
You die...
Your body crumbles into a pile of gold.

#########
#........########
#!##............#
#.##............#
#>..............#
#.##.(..).......#
#.##)).^........#
#####.##'####...@$..#
..........# #####{###
[.........# b#
..........# o.
..........+ $ ...
(.........# ....
..........# !....
.........## ......
.######### $


You could see an orc and a bat.

Vanquished Creatures
  An orc wizard (D:3)
  2 adders (D:2)
  3 gnolls
  A worm (D:2)
  A dart slug (D:1)
  4 leopard geckos
  4 orcs (D:3)
  4 bats
  3 giant cockroaches
  8 goblins
  2 hobgoblins
  A jackal (D:1)
  7 kobolds
  2 quokkas (D:2)
  11 rats
54 creatures vanquished.

Notes
Turn   | Place    | Note
-------+----------+-------------------------------------------
     0 | D:1      | HungrySpirit the Mummy Gladiator began the quest for the Orb.
     0 | D:1      | Reached XP level 1. HP: 16/16 MP: 1/1
   216 | D:1      | Reached XP level 2. HP: 19/22 MP: 2/2
   414 | D:1      | Reached skill level 3 in Axes
   846 | D:2      | Reached XP level 3. HP: 10/28 MP: 3/3
  1301 | D:2      | Reached XP level 4. HP: 27/34 MP: 4/4
  1661 | D:2      | Found a hide-covered altar of Uskayaw.
  1661 | D:2      | Found an opulent altar of Gozag.
  1665 | D:2      | Became a worshipper of Gozag Ym Sagoz the Greedy
  2086 | D:3      | Reached skill level 4 in Axes
  2086 | D:3      | Reached XP level 5. HP: 35/41 MP: 5/5
  2147 | D:3      | Killed from afar by an orc wizard

Skill      XL: |  1  2  3  4 |
---------------+-------------+-----
Axes           | 3 4 |  4.1
Fighting       | 3 |  3.3
Throwing       | |  1.5
Dodging        | |  2.4

Action                   |  1- 3 |  4- 6 || total
-------------------------+-------+-------++-------
Melee: War axe           |    87 |    86 ||   173
Armor: Leather armour    |    20 |       ||    20
       Ring mail         |    20 |    46 ||    66
Dodge: Dodged            |    76 |    45 ||   121
